 Dungeon Crawl Stone Soup version 0.31-a0-654-gbe3e110b4e (webtiles) character file.

Game seed: 16526346301714102671

3357 Shayle the Fighter (level 10, -2/160 HPs)
             Began as an Ogre Shapeshifter on Aug 29, 2023.
             Was a Follower of Kikubaaqudgha.
             Slain by a bullfrog (4 damage)
             ... on level 8 of the Dungeon.
             The game lasted 00:36:26 (7220 turns).

Shayle the Fighter (Ogre Shapeshifter)              Turns: 7220, Time: 00:36:26

Health: -2/160     AC: 25    Str: 26    XL:     10   Next: 3%
Magic:  10/10      EV:  1    Int: 21    God:    Kikubaaqudgha [*.....]
Gold:   350        SH: 14    Dex:  8    Spells: 9/9 levels left

rFire   . . .        n - +8 dagger of Fortitude {elec, rC+ rN+}
rCold   + . .        q - +0 kite shield
rNeg    + . .        w - melded +2 robe {rC+}
rPois   +            (helmet currently unavailable)
rElec   .            (cloak currently unavailable)
rCorr   .            (gloves unavailable)
SInv    .            (boots unavailable)
Will    ++...        y - amulet of reflection
Stlth   +            s - +6 ring of strength
HPRegen 0.46/turn    o - +6 ring of intelligence
MPRegen 0.12/turn

%: reflection
@: mighty, tree-form
A: stationary, stasis, torment immunity, boosted hp, large, unfitting armour,
(tough skin 1), (iridescent scales 1), strong-willed 1
a: Renounce Religion, Unearth Wretches


You were on level 8 of the Dungeon.
You worshipped Kikubaaqudgha.
Kikubaaqudgha was aware of your devotion.
You were a tree.
You visited 2 branches of the dungeon, and saw 9 of its levels.
You also visited: Ossuary.

You collected 350 gold pieces.

Inventory:

Hand Weapons
 h - a +1 giant spiked club
 n - the +8 dagger of Fortitude (weapon) {elec, rC+ rN+}
   (You found it on level 2 of the Dungeon)

   rC+:       It protects you from cold.
   rN+:       It protects you from negative energy.
 F - a +2 scimitar of electrocution
Missiles
 p - a throwing net
Armour
 a - a +0 animal skin
 e - a +0 cloak
 q - a +0 kite shield (worn)
 w - a +2 robe of cold resistance (melded)
Jewellery
 o - a +6 ring of intelligence (right branch)
 s - a +6 ring of strength (left branch)
 u - a ring of magical power
 y - an amulet of reflection (around neck)
Talismans
 c - a beast talisman
 d - a flux talisman
 g - a serpent talisman
Wands
 x - a wand of flame (37)
 E - a wand of polymorph (2)
Scrolls
 k - 4 scrolls of teleportation
 r - 4 scrolls of immolation
 A - 4 scrolls of enchant weapon
 D - a scroll of silence
Potions
 b - a potion of lignification
 f - 3 potions of brilliance
 i - 2 potions of might
 l - a potion of attraction
 t - 2 potions of haste
 z - 3 potions of mutation


   Skills:
 + Level 9.0 Fighting
 - Level 1.7 Dodging
 + Level 6.4 Shields
 + Level 6.8 Unarmed Combat
 + Level 2.4 Necromancy
 + Level 6.9 Shapeshifting


You had 9 spell levels left.
You didn't know any spells.
Your spell library contained the following spells:

 Spells                   Type           Power      Damage    Failure   Level
 Necrotise                Necr           40%        1d6       12%         1
 Kiss of Death            Conj/Necr      20%        2d7       21%         1
 Cigotuvi's Dreadful Rot  Necr/Pois/Air  6%         N/A       36%         2
 Blink                    Tloc           0%         N/A       45%         2
 Lesser Beckoning         Tloc           0%         N/A       45%         2
 Momentum Strike          Conj/Tloc      0%         3d8       45%         2
 Animate Dead             Necr           10%        N/A       77%         4
 Summon Forest            Summ/Tloc      0%         N/A       100%        5
 Eringya's Noxious Bog    Tmut/Pois      0%         4d6       100%        6
 Summon Hydra             Summ           0%         N/A       100%        7


Dungeon Overview and Level Annotations

Branches:
Dungeon (8/15)             Temple (1/1) D:5         Ossuary (visited)
   Lair: D:8-11

Altars:
Ashenzari
Cheibriados
Elyvilon
Fedhas
Hepliaklqana
Kikubaaqudgha
Makhleb
Nemelex Xobeh
Okawaru
Qazlal
Ru
Trog
Uskayaw
Vehumet
Wu Jian
Xom
Yredelemnul
Zin
The Shining One

Portals:
Bailey: D:8

Annotations:
D:8 3 runed translucent doors
Temple 2 transporters


Innate Abilities, Weirdness & Mutations

You are a tree.
Your roots penetrate the ground, keeping you stationary.
You cannot be teleported.
You are immune to unholy pain and torment.
Your maximum health is greatly increased.
Your equipment is partially melded.
You are too large for most types of armour.
((You have tough skin. (AC +1)))
((You are partially covered in iridescent scales. (AC +2)))
You are strong-willed. (Will+)


Message History

The gnoll is attracted toward you.
You lash the gnoll!
You kill the gnoll!
Kikubaaqudgha accepts your kill.
You feel less attractive to monsters.
Items here: )))) [ †††.
You see here a +0 spear.
The centaur warrior shouts!
The bullfrog gives a loud, deep croak!
The centaur warrior wields a +2 orcbow of flaming.
It bursts into flame!
The centaur warrior shoots an arrow.
The arrow hits you. The arrow burns you.
The centaur warrior shoots an arrow.
The arrow hits you!!
* * * LOW HITPOINT WARNING * * *
The arrow burns you.
* * * LOW HITPOINT WARNING * * *
Okay, then.
Aiming: Polymorph
Press: ? - help, Shift-Dir - straight line, f - centaur warrior
Aim: a centaur warrior, wielding a +2 orcbow of flaming (will become a spark wasp, a tarantella, or a water nymph, chance to affect: 31%)
The centaur warrior evaporates and reforms as a tarantella!
The bullfrog hits you.
* * * LOW HITPOINT WARNING * * *
Okay, then.
Okay, then.
Your transformation has ended.
The +8 dagger of Fortitude {elec, rC+ rN+} unmelds from your body.
Your +0 kite shield unmelds from your body.
Your +2 robe of cold resistance unmelds from your body.
You hear the crackle of electricity.
You feel resistant to cold.
You turn into a tree.
Your +2 robe of cold resistance melds into your body.
You feel less resistant to cold.
Your roots penetrate the ground.
You block the tarantella's attack.
The bullfrog hits you but does no damage.
You feel very mighty all of a sudden. The tarantella touches you.
* * * LOW HITPOINT WARNING * * *
The bullfrog hits you.
You die...
Kikubaaqudgha rasps: "You have failed me!
Welcome... death!"

#........).<...# #.
F....$#############
#.#####..######
####
#......8.......
.... #...8.....8..#
#### #...........#
#....?..)...#
#8....∩s...8#
#.....♣F....#
#...........#
#..8.....8..#
#..)..8.....#
#.)##.....#.#
##)######...# #.#
.### #.# .#.#
###.###.#..# ###


You could see a tarantella and a bullfrog.

Vanquished Creatures
  Psyche (D:8)
  A shadow (D:8)
  A wyvern (D:7)
  A steam dragon (D:8)
  A water moccasin (D:8)
  An ice beast (D:6)
  2 orc warriors
  A sky beast (D:4)
  A black bear (D:7)
  An ogre (D:4)
  3 centaurs
  2 phantoms
  Blork the orc (D:4)
  2 gnoll sergeants
  A bullfrog (D:7)
  3 scorpions
  5 water moccasin zombies (Ossuary)
  2 killer bees (D:7)
  A howler monkey (D:4)
  7 orc priests
  5 hounds
  6 orc wizards
  2 mummies (Ossuary)
  5 adders
  9 gnolls
  2 ufetubi
  4 adder zombies (Ossuary)
  A worm (D:4)
  2 dart slugs
  22 orcs
  6 bats
  5 endoplasms
  2 giant cockroaches
  6 goblins
  7 hobgoblins
  9 jackals
  3 kobolds (D:1)
  6 quokkas
  9 ball pythons
  4 gnoll zombies (Ossuary)
  A hobgoblin zombie (Ossuary)
  4 kobold zombies (Ossuary)
  12 orc zombies (Ossuary)
  5 rats
175 creatures vanquished.

Notes
Turn   | Place    | Note
-------+----------+-------------------------------------------
     0 | D:1      | Shayle the Ogre Shapeshifter began the quest for the Orb.
     0 | D:1      | Reached XP level 1. HP: 19/19 MP: 1/1
   188 | D:1      | Reached XP level 2. HP: 28/28 MP: 2/2
   197 | D:1      | Reached skill level 2 in Fighting
   319 | D:1      | Reached XP level 3. HP: 28/36 MP: 3/3
  1044 | D:2      | Identified the +8 dagger of Fortitude {elec, rC+ rN+}
  2008 | D:2      | You fall into a shaft and drop 2 floors!
  2075 | D:4      | Found a sand-covered staircase.
  2080 | Ossuary  | Entered an ossuary
  2103 | Ossuary  | Reached skill level 3 in Fighting
  2103 | Ossuary  | Reached XP level 4. HP: 45/45 MP: 4/4
  2129 | Ossuary  | Reached skill level 1 in Shields
  2139 | Ossuary  | Reached XP level 5. HP: 37/53 MP: 5/5
  2191 | Ossuary  | Reached skill level 4 in Fighting
  2191 | Ossuary  | Reached XP level 6. HP: 46/62 MP: 6/6
  3185 | D:3      | Found a glowing golden altar of the Shining One.
  3470 | D:4      | Found a sparkling altar of Nemelex Xobeh.
  3493 | D:4      | Reached XP level 7. HP: 65/71 MP: 7/7
  3550 | D:4      | Noticed Blork the orc
  3578 | D:5      | Entered Level 5 of the Dungeon
  3597 | D:4      | Reached skill level 5 in Fighting
  3657 | D:4      | Killed Blork the orc
  3790 | D:4      | Found an ornate altar of the Wu Jian Council.
  3791 | D:4      | Found a burning altar of Makhleb.
  3982 | D:4      | Noticed Dowan
  4043 | D:4      | Noticed Duvessa
  4045 | D:4      | Duvessa changed into Duvessa the centaur
  4045 | D:4      | Noticed Duvessa
  4051 | D:4      | Killed Duvessa the centaur
  4156 | D:4      | Dowan changed into Dowan the hound
  4156 | D:4      | Noticed Dowan
  4160 | D:4      | Killed Dowan the hound
  4274 | D:4      | Reached skill level 5 in Shapeshifting
  4347 | D:4      | Reached XP level 8. HP: 83/83 MP: 8/8
  4519 | D:4      | Reached skill level 6 in Fighting
  4519 | D:4      | Reached skill level 5 in Unarmed Combat
  5087 | D:5      | Reached skill level 7 in Fighting
  5274 | D:5      | Found a staircase to the Ecumenical Temple.
  5290 | Temple   | Found a transporter.
  5290 | Temple   | Found a transporter.
  5290 | Temple   | Found a transporter.
  5290 | Temple   | Found a transporter.
  5290 | Temple   | Entered the Ecumenical Temple
  5308 | Temple   | Became a worshipper of Kikubaaqudgha
  5608 | D:4      | Reached skill level 5 in Shields
  5786 | D:5      | Found a broken altar of Ashenzari.
  5897 | D:5      | Reached XP level 9. HP: 93/93 MP: 9/9
  6502 | D:7      | Reached skill level 8 in Fighting
  6583 | D:7      | Gained mutation: You are partially covered in iridescent
                  | scales. (AC +2) [potion of mutation]
  6583 | D:7      | Gained mutation: You are strong-willed. (Will+) [potion of
                  | mutation]
  6615 | D:7      | Reached * piety under Kikubaaqudgha
  6615 | D:7      | Received a gift from Kikubaaqudgha
  6747 | D:8      | Noticed a centaur warrior
  6751 | D:8      | Noticed a kobold demonologist
  6751 | D:8      | Noticed a two-headed ogre
  6755 | D:8      | Noticed an ice devil
  6925 | D:8      | Reached skill level 1 in Necromancy
  6943 | D:8      | Found a shimmering altar of Xom.
  6944 | D:8      | Found a shimmering altar of Xom.
  6945 | D:8      | Found a shimmering altar of Xom.
  6945 | D:8      | Found a shimmering altar of Xom.
  6945 | D:8      | Found a shimmering altar of Xom.
  6945 | D:8      | Found a shimmering altar of Xom.
  6945 | D:8      | Found a shimmering altar of Xom.
  6945 | D:8      | Found a shimmering altar of Xom.
  6977 | D:8      | Found a runed translucent gate.
  6978 | D:8      | Found a runed translucent gate.
  6978 | D:8      | Found a runed translucent gate.
  6979 | D:8      | Noticed a purple ugly thing
  6979 | D:8      | Noticed a white ugly thing
  6980 | D:8      | Noticed a white ugly thing
  7179 | D:8      | Found a flagged portal.
  7179 | D:8      | Noticed Psyche
  7194 | D:8      | Killed Psyche
  7195 | D:8      | Reached skill level 9 in Fighting
  7195 | D:8      | Reached XP level 10. HP: 54/107 MP: 10/10
  7218 | D:8      | a centaur warrior changed into a tarantella
  7218 | D:8      | HP: 4/89 [bullfrog (3)]
  7220 | D:8      | Slain by a bullfrog

Illustrated notes

Levels and vault maps discovered:
D:1:      matt_arrival_refuge, layout_basic, minmay_domino_2
D:2:      minmay_chambers_of_ones, layout_basic, serial_bayou_pond_c
D:3:      layout_loops_ring, mainiacjoe_overflow_alcove_1
D:4:      layout_rooms, nemelex_altar_shiori, nicolae_overflow_hidden_temple,
          nicolae_ossuary_entry_plus, kennysheep_orc_chapel, uniq_blork_the_orc,
          uniq_duvessa
D:5:      layout_loops_ring, ashenzari_conservatory_becter,
          minmay_temple_entry_glass
D:6:      nicolae_cairo_tiling_very_big, layout_cave_pods,
          overflow_temple_1_default, serial_shops, shop, shop
D:7:      layout_loops_ring, serial_rivers, chequers_serial_rivers_marsh,
          chequers_serial_rivers_room_a, chequers_serial_rivers_room_a,
          chequers_serial_rivers_marsh, chequers_serial_rivers_micro_c,
          lightli_church_of_beogh
D:8:      minmay_blocky_corners, layout_loops_ring, xom_shifter_show,
          enter_bailey_6, ploomutoo_gammafunk_ghost_potion_laboratory,
          uniq_psyche
Temple:   hellmonk_temple_divided_pantheon

Skill      XL: |  1  2  3  4  5  6  7  8  9 |
---------------+----------------------------+-----
Fighting       | 2 3 4 5 7 9 |  9.0
Unarmed Combat | 3 4 5 6 |  6.8
Shields        | 1 2 3 5 6 |  6.4
Shapeshifting  | 4 5 6 |  6.9
Necromancy     | 2 |  2.4
Dodging        | |  1.7

Action                     |  1- 3 |  4- 6 |  7- 9 | 10-12 || total
---------------------------+-------+-------+-------+-------++-------
  Melee: Unarmed           |    68 |       |    37 |    15 ||   120
         Dagger            |    33 |   135 |   233 |       ||   401
         Punch             |     1 |       |       |       ||     1
         Constrict         |       |       |     5 |       ||     5
  Evoke: Wand              |       |       |     5 |     1 ||     6
    Use: Scroll            |     2 |       |    14 |     1 ||    17
         Potion            |       |       |    10 |     2 ||    12
 Armour: Animal skin       |    30 |    19 |    15 |       ||    64
         Robe              |       |       |    33 |       ||    33
         Skin              |       |       |    33 |     3 ||    36
  Dodge: Dodged            |    34 |    30 |    95 |     4 ||   163
  Block: Kite shield       |    11 |    37 |   169 |     1 ||   218
         Reflection        |       |       |     3 |       ||     3
         Other             |       |       |    10 |       ||    10
   Form: Anaconda          |       |       |     1 |       ||     1

Table legend: (Time is in decaauts)
 A = Elapsed time spent in this place.
 B = Non-inter-level travel time spent in this place.
 C = Inter-level travel time spent in this place.
 D = Time resting spent in this place.
 E = Time spent auto-exploring this place.
 F = Levels seen in this place.
 G = Mean time per level.
                   A        B        C        D        E       F      G
               +--------+--------+--------+--------+--------+-----+--------+
         Total |   7248 |   6950 |    298 |   1497 |   3530 |  10 |  724.8 |
       Dungeon |   6682 |   6388 |    294 |   1188 |   3530 |   8 |  835.2 |
        Temple |     31 |     27 |      4 |      0 |      0 |   1 |   31.0 |
       Ossuary |    534 |    534 |      0 |    309 |      0 |   1 |  534.0 |
               +--------+--------+--------+--------+--------+-----+--------+

Top non-repeatable levels by time:
     D:4: 1452 daAuts
     D:2: 1143 daAuts
     D:1: 1018 daAuts
     D:3: 890 daAuts
     D:5: 839 daAuts
     D:7: 662 daAuts
     D:8: 550 daAuts
 Ossuary: 534 daAuts
     D:6: 125 daAuts
  Temple: 31 daAuts
